← All builds
Tech / Armada / Economy first / OBSERVED BUILD

Standard tech

Armada Tech (Eco) build order · Supreme Isthmus

Rushes T2 factory and Advanced Metal Extractor while sending the first T2 constructor to Geo, scaling team eco and mex upgrades through the full 15 minutes.

Usually first T2 con to Geo (84%)

#eco #t2 #team support · 901 distinct matches · 120 players · 60% of Armada Tech games · team won 53% of 1034 · Recently observed

HOW TO PLAY IT

Key timing: T2 factory by 4:15

  1. Open mex and wind, start bot lab right away.
  2. Get bot lab up and begin feeding early cons.
  3. Start advanced bot lab to rush T2 factory.
  4. Finish T2 factory and push advanced metal extractor by 5:29.
  5. Build Citadel, Platypus and Umbrella as anti-nuke defence transition.

Phase by phase

TYPICAL OF ITS 901 GAMES
  1. 1
  2. 2
  3. 3
  4. 4
PLAY THE OPENING

Follow the example game's first 6:00 step by step: what to build now, what comes next, and where it goes. At 1× it keeps pace with your own game.

  1. 1

    Up to the Bot Lab

    Economy
    • Metal Extractor3Mex
    • Wind Turbine4Wind
    Order
    1. Bot LabBot Lab after 3 mex, 4 winddone ~1:17, middle half 1:13–1:31

    By 1:01 in all: 3 mex · 4 wind

    The example game in this phase · 3 steps
    1. Mex ×3
    2. Wind ×4
    3. Bot LabBot Labdone 1:16 · typical 1:17
  2. 2

    Bot Lab to Advanced Bot Lab

    Economy
    • Metal Extractor1Mex
    • Wind Turbine8Wind
    • Energy Storage1Energy storage
    Order
    1. Advanced Bot LabAdvanced Bot Lab after 4 mex, 12 wind, 3 con turretdone ~4:15, middle half 4:04–4:28
    Builders
    • Construction Turret3 Con turret
    • Lazarus3 Lazarus
    • Construction Bot2 Con bot
    • Construction Bot1 Con bot for allies

    Some games also: converter (35%)

    By 3:19 in all: 4 mex · 12 wind · 1 energy storage · 3 con turret

    The example game in this phase · 27 steps
    1. Wind
    2. LazarusLazarus ×2
    3. Wind
    4. LazarusLazarus
    5. Wind ×2
    6. Construction BotCon bot
    7. LazarusLazarus
    8. Construction BotCon botfor Air
    9. Wind
    10. NettleNettle
    11. LazarusLazarus
    12. Construction BotCon bot
    13. Mex
    14. Wind
    15. LazarusLazarus
    16. Energy storage
    17. Construction BotCon bot
    18. Wind
    19. Con turret
    20. Wind
    21. Bot LabEat Bot Labreclaimed for its metal
    22. Con turret
    23. Wind
    24. Solar
    25. Con turret
    26. Wind ×2
    27. Advanced Bot LabAdvanced Bot Labdone 4:38 · typical 4:15
  3. 3

    Advanced Bot Lab to 5:00

    Economy
    • Wind Turbine2Wind
    Order
    1. Bot LabEat Bot Lab
    Builders
    • Advanced Construction Bot1 T2 con bot for allies

    Some games also: converter (35%)

    By 5:00 in all: 4 mex · 15 wind · 2 converter · 1 energy storage · 3 con turret

    The example game in this phase · 7 steps
    1. Wind
    2. Converter ×4
    3. Advanced Construction BotT2 con botfor Geo
    4. Converter ×2
    5. Advanced Metal ExtractorT2 mexdone 6:01 · typical 5:29
    6. FatboyFatboyfor Ponddone 5:46
    7. Wind ×2
  4. 4

    5:00 to 10:00

    Economy
    • Wind Turbine44Wind
    • Energy Converter6Converter
    Builders
    • Butler8 Butler
    • Advanced Construction Bot4 T2 con bot for allies
    • Advanced Construction Bot1 T2 con bot

    Some games also: con turret (49%) · Butler for allies (37%)

    By 10:00 in all: 4 mex · 59 wind · 8 converter · 1 energy storage · 3 con turret

    The example game in this phase · 148 steps
    1. Converter ×3
    2. Advanced Construction BotT2 con botfor Air
    3. Converter ×2
    4. Advanced Metal ExtractorT2 mex
    5. Converter
    6. Advanced Metal ExtractorT2 mex
    7. Converter
    8. Advanced Construction BotT2 con botfor Geo sea
    9. Converter ×2
    10. Advanced Construction BotT2 con botfor Beach sea
    11. Wind
    12. Converter
    13. Advanced Metal ExtractorT2 mex
    14. Energy storage
    15. Wind
    16. ButlerButler
    17. Advanced Construction BotT2 con botfor Pond
    18. ButlerButler
    19. Wind
    20. ButlerButler
    21. Wind ×4
    22. Advanced Construction BotT2 con bot
    23. Con turret
    24. Converter
    25. Wind ×2
    26. Converter
    27. Wind
    28. PlatypusPlatypus
    29. Wind
    30. PlatypusPlatypus
    31. Converter
    32. PlatypusPlatypus
    33. Wind ×2
    34. PlatypusPlatypus
    35. Converter
    36. PlatypusPlatypus
    37. TracerTracer
    38. Wind ×2
    39. Converter
    40. PlatypusPlatypus
    41. Wind
    42. Converter
    43. Fusion ReactorFusiondone 11:03
    44. Converter
    45. Wind ×2
    46. Converter
    47. Wind
    48. Converter
    49. Wind
    50. Converter
    51. Wind
    52. Converter
    53. Wind
    54. Converter
    55. Wind
    56. Converter
    57. Wind
    58. Converter
    59. Wind
    60. Converter
    61. Wind
    62. PlatypusPlatypus
    63. Wind
    64. Converter
    65. PlatypusPlatypus
    66. Wind ×3
    67. PlatypusPlatypus
    68. Wind
    69. Converter
    70. Wind
    71. PlatypusPlatypus
    72. Wind ×2
    73. Converter
    74. PlatypusPlatypus
    75. Wind ×2
    76. PlatypusPlatypus
    77. Wind ×3
    78. Converter
    79. PlatypusPlatypus
    80. UmbrellaAnti-nukedone 12:22
    81. Wind ×3
    82. Converter
    83. Wind
    84. Converter
    85. Wind ×3
    86. Converter
    87. Wind ×3
    88. Advanced Construction BotT2 con bot
    89. Converter
    90. Wind
    91. PlatypusPlatypusfor unknown
    92. Wind ×2
    93. Converter
    94. PlatypusPlatypusfor unknown
    95. Wind ×3
    96. Converter
    97. PlatypusPlatypusfor unknown
    98. Wind
    99. PlatypusPlatypusfor unknown
    100. Wind ×3
    101. Converter
    102. PlatypusPlatypusfor unknown
    103. PlatypusPlatypus
    104. Wind ×2
    105. Converter ×2
    106. Wind ×2
    107. Converter
    108. Con turret
    109. Wind ×2
    110. Metal storage
    111. Converter
    112. Wind
    113. Metal storage
    114. Wind
    115. Converter
    116. Wind
    117. Con turret
    118. Advanced Bot LabEat Advanced Bot Labreclaimed for its metal
    119. Wind
    120. Con turret
    121. Converter
    122. Wind
    123. Con turret ×2
    124. Wind
    125. Converter
    126. Con turret
    127. Wind
    128. Con turret ×2
    129. Wind
    130. Converter
    131. Aircraft PlantAircraft Plantdone 14:21
    132. Wind
    133. Aircraft PlantAircraft Plantdone 14:24
    134. Converter
    135. Wind ×2
    136. Converter
    137. FalconFighter ×2
    138. Wind ×2
    139. FalconFighter ×4
    140. Converter
    141. FalconFighter ×3
    142. Wind
    143. FalconFighter
    144. Wind
    145. FalconFighter ×3
    146. Converter
    147. FalconFighter
    148. Construction AircraftCon aircraft ×2

Counts are medians over the build's games: half of them build more, half fewer. The example game is zeus_on_god's (37 OS, 09/10/2026); pick another.

Team trades

IN AT LEAST 30% OF ITS GAMES

You hand over

  • Construction Bot1 Con bot to Airfirst at 2:22 · in 87% of games
  • Advanced Construction Bot5 T2 con bot to Air or Geo sea or Pondfirst at 4:48 · in 99% of games
  • Sharpshooter2 Sniper bot to Pondfirst at 5:23 · in 32% of games
  • Butler2 Butler to Geo sea or Beach sea or Pondfirst at 9:05 · in 42% of games

You get

  • Hercules1 Light transport from Airfirst at 4:00 · in 85% of games

How it plays out

Typical game of this build, running totals by minute

Metal produced

020k40k
0:005:0010:0015:00

metal

Enemy metal destroyed

0100200300
0:005:0010:0015:00

metal

Own metal lost

0100200300
0:005:0010:0015:00

metal

1034 games.

Show as table
ByMetal produced: This buildEnemy metal destroyed: This buildOwn metal lost: This build
1:0038300
2:0091600
3:00164500
4:00316200
5:00486400
6:00580800
7:00723600
8:00911000
9:001125000
10:001358800
11:001643300
12:001999100
13:002375900
14:00276067381
15:0031704295204
WHAT THE NUMBERS SAY

This is the role's textbook T2 rush, posting the highest metal production of any build shown (31617 by 15:00) with almost no early losses.

  • + T2 factory done by 4:15 in 97% of games, extremely consistent.
  • + Own metal lost is only 228 by 15:00, near untouched economy.
  • − Team win rate is the lowest of all builds shown at 53%, fast eco alone doesn't decide games.
THE EXAMPLE YOU ARE READING

zeus_on_god

37.0 OS · 09/10/2026

Open source match ↗

1 received units
3697 metal received · 58626 energy received

Allied construction assistance is unknown. Timings are observations, not a promise of solo reproducibility.

Typical milestones

Bot Lab1:17Middle 50%: 1:13–1:31 · n=1034
Advanced Bot Lab4:15Middle 50%: 4:04–4:28 · n=1028
Advanced Metal Extractor5:29Middle 50%: 5:06–5:59 · n=1032

Played most by

Amrissa100games of this buildKOT_45games of this buildSyphos42games of this buildAdeus39games of this buildWashedGamuer39games of this build